 Dungeon Crawl Stone Soup version 0.23-a0-99-g417c70ba38 (webtiles) character file.

3337 Roikka the Thaumaturge (level 10, -3/73 HPs)
             Began as a Gnoll Wizard on Aug 11, 2018.
             Was an Initiate of Ashenzari.
             Slain by Harold
             ... wielding a +2 battleaxe of freezing
              (23 damage)
             ... on level 7 of the Dungeon on Aug 18, 2018.
             The game lasted 00:54:43 (9993 turns).

Roikka the Thaumaturge (Gnoll Wizard)               Turns: 9993, Time: 00:54:44

Health: -3/73      AC:  4    Str: 11    XL:     10   Next: 2%
Magic:  2/22       EV: 16    Int: 25    God:    Ashenzari [......]
Gold:   156        SH:  5    Dex: 15    Spells: 15/26 levels left

rFire    . . .     SeeInvis +   i - +3 whip (holy)
rCold    . . .     Gourm    .   x - +0 buckler
rNeg     . . .     Faith    .   a - +0 robe
rPois    .         Spirit   .   b - +0 hat
rElec    .         Reflect  .   y - +1 cloak
rCorr    .         Harm     .   (no gloves)
MR       .....                  (no boots)
Stlth    +++.......             (no amulet)
HPRegen  0.22/turn              h - ring of see invisible
MPRegen  0.18/turn              f - +4 ring of intelligence

@: no status effects
A: distributed training, fangs 1, strong nose
a: Curse Item, Renounce Religion


You were on level 7 of the Dungeon.
You worshipped Ashenzari.
Ashenzari was noncommittal.
You were not hungry.

You visited 2 branches of the dungeon, and saw 8 of its levels.
You also visited: Ossuary.

You collected 374 gold pieces.
You spent 218 gold pieces at shops.

Inventory:

Hand Weapons
 i - a +3 whip of holy wrath (weapon)
Armour
 a - a +0 robe (worn)
 b - a +0 hat (worn)
 v - the +1 ring mail of Nuni {rF+}
   (You found it on level 5 of the Dungeon)

   It protects you from fire.
 x - a +0 buckler (worn)
 y - a +1 cloak (worn)
Jewellery
 f - a +4 ring of intelligence (right hand)
 h - a ring of see invisible (left hand)
 t - an uncursed ring of protection from fire
Wands
 s - a wand of iceblast (3)
 B - a wand of random effects (53)
Scrolls
 j - a scroll of enchant armour
 n - 2 scrolls of amnesia
 o - 5 scrolls of remove curse
 p - 7 scrolls of teleportation
Potions
 c - 2 potions of lignification
 e - 2 potions of might
 g - 2 potions of heal wounds
 k - 2 potions of degeneration {unknown}
 l - 2 potions of mutation {unknown}
 m - 4 potions of curing
 q - a potion of invisibility {unknown}
 r - 4 potions of agility
 u - a potion of brilliance {unknown}
 w - 2 potions of haste {unknown}
 z - 2 potions of flight {unknown}
Comestibles
 d - 10 rations
 A - a chunk of flesh


   Skills:
 + Level 4.7 Fighting
 + Level 4.7 Short Blades
 + Level 4.7 Long Blades
 + Level 4.7 Axes
 + Level 4.7 Maces & Flails
 + Level 4.7 Polearms
 + Level 4.7 Staves
 + Level 4.7 Slings
 + Level 4.7 Bows
 + Level 4.7 Crossbows
 + Level 4.7 Throwing
 + Level 4.7 Armour
 + Level 6.6 Dodging
 + Level 6.4 Stealth
 + Level 4.7 Shields
 + Level 4.7 Unarmed Combat
 + Level 8.7 Spellcasting
 + Level 4.5 Conjurations
 + Level 3.9 Hexes
 + Level 3.9 Charms
 + Level 4.5 Summonings
 + Level 3.9 Necromancy
 + Level 4.5 Translocations
 + Level 3.9 Transmutations
 + Level 3.9 Fire Magic
 + Level 3.9 Ice Magic
 + Level 3.9 Air Magic
 + Level 3.9 Earth Magic
 + Level 3.9 Poison Magic
 + Level 5.2 Invocations
 + Level 4.7 Evocations


You had 15 spell levels left.
You knew the following spells:

 Your Spells              Type           Power        Failure   Level  Hunger
a - Magic Dart            Conj           ####         1%          1    None
b - Call Imp              Summ           ####....     1%          2    None
c - Blink                 Tloc           N/A          1%          2    None
d - Conjure Flame         Conj/Fire      ####....     3%          3    None
e - Mephitic Cloud        Conj/Pois/Air  ####....     3%          3    None

Your spell library contained the following spells:

 Spells                   Type           Power        Failure   Level  Hunger
 Confusing Touch          Hex            ####..       1%          1    None
 Corona                   Hex            ####...      1%          1    None
 Slow                     Hex            ####....     1%          2    None
 Gell's Gravitas          Tloc           ####......   2%          3    None
 Confuse                  Hex            ####....     3%          3    None
 Inner Flame              Hex/Fire       ####....     3%          3    None
 Portal Projectile        Hex/Tloc       ####..       3%          3    None
 Cause Fear               Hex            ####......   11%         4    ##.....
 Leda's Liquefaction      Hex/Erth       ####......   11%         4    ##.....
 Petrify                  Tmut/Erth      ####....     11%         4    ##.....
 Metabolic Englaciation   Hex/Ice        ####......   30%         5    ####...
 Yara's Violent Unravell  Hex/Tmut       ####......   30%         5    ####...


Dungeon Overview and Level Annotations

Branches:
Dungeon (7/15)             Temple (1/1) D:7

Altars:
Ashenzari
Cheibriados
Dithmenos
Elyvilon
Fedhas
Gozag
Hepliaklqana
Makhleb
Nemelex Xobeh
Okawaru
Qazlal
Ru
Sif Muna
Uskayaw
Vehumet
Wu Jian
Yredelemnul
The Shining One

Shops:
D:5 *

Annotations:
D:6 Prince Ribbit
D:7 Harold


Innate Abilities, Weirdness & Mutations

Your experience applies equally to all skills.
You have very sharp teeth.
Your uncanny sense of smell can sniff out nearby items.


Message History

Harold hits you with a battleaxe of freezing!
Harold freezes you.
* * * LOW HITPOINT WARNING * * *
Casting: Magic Dart (safe; 1% risk of failure)
Confirm with . or Enter, or press ? or * to list all spells.
Aiming: Magic Dart (safe; 1% risk of failure)
Press: ? - help, Shift-Dir - straight line, f/p - Harold
Aim: Harold, wielding a battleaxe of freezing and wearing a scale mail (flame, moderately wounded)
The magic dart hits Harold.
Harold is heavily wounded.
Casting: Magic Dart (safe; 1% risk of failure)
Confirm with . or Enter, or press ? or * to list all spells.
Aiming: Magic Dart (safe; 1% risk of failure)
Press: ? - help, Shift-Dir - straight line, f/p - Harold
Aim: Harold, wielding a battleaxe of freezing and wearing a scale mail (flame, heavily wounded)
The magic dart hits Harold.
Harold is heavily wounded.
Harold is engulfed in blazing flames.
Harold hits you with a battleaxe of freezing!!
You die...

#.............
#.........#...#. #
#........#.#...# .#
#.......#...#... .##
#............... ..#
#.........#...#.
#.####........#.#..)#
#.##.@.#..#..#...#..(
#.##@###..#....(...((
####..#>#...†#....#(..#.
#.........##@#...#.#...#
#..##...#.......#.(.#...
##.##...#.#....)........
#.###..#...##....#...#.
#.# #...@.###...#.#...#
#.###.#...# #..#...#...
..........###.......5..


You could see Harold.

Vanquished Creatures
  Joseph (D:7)
  Sigmund (D:4)
  6 yaks
  Menkaure (Ossuary)
  A sky beast (D:7)
  2 ice beasts (D:6)
  2 orc warriors (D:6)
  An ogre (D:5)
  A centaur (D:5)
  Blork the orc (D:4)
  2 bullfrogs (D:6)
  A scorpion (D:7)
  A killer bee (D:6)
  3 crimson imps
  A centaur zombie (D:5)
  4 hounds
  Crazy Yiuf (D:4)
  A jelly (D:6)
  2 orc priests
  An orc wizard (D:6)
  2 worker ants (D:4)
  A hound zombie (D:7)
  A hound skeleton (D:4)
  A worker ant zombie (D:5)
  A mummy (Ossuary)
  10 adders
  3 gnolls (D:7)
  An ooze (D:4)
  2 adder skeletons
  A worm (D:2)
  2 dart slugs
  3 leopard geckos
  6 orcs
  6 giant cockroaches
  3 gnoll zombies (Ossuary)
  6 hobgoblins
  7 jackals
  4 quokkas
  A ball python (D:3)
  9 bats
  2 frilled lizards
  A giant cockroach zombie (D:5)
  6 gnoll skeletons (Ossuary)
  8 goblins
  2 goblin skeletons (Ossuary)
  3 hobgoblin zombies (Ossuary)
  A jackal skeleton (D:6)
  12 kobolds
  2 kobold skeletons (Ossuary)
  A kobold zombie (Ossuary)
  A leopard gecko zombie (D:7)
  2 orc skeletons (Ossuary)
  An orc zombie (Ossuary)
  9 rats
155 creatures vanquished.

Vanquished Creatures (collateral kills)
  An ice beast (D:6)
  2 ogres (D:7)
  A centaur (D:5)
  2 bullfrogs
  A scorpion (D:6)
  A howler monkey (D:4)
  2 crimson imps
  A hound (D:3)
  An orc priest (D:6)
  An orc wizard (D:4)
  A bullfrog skeleton (D:4)
  An iguana (D:4)
  2 worker ants
  A gnoll (D:7)
  4 adders
  3 worms
  A leopard gecko (D:4)
  13 orcs
  A ball python (D:6)
  A bat (D:4)
  7 jackals
  3 kobolds
  2 frilled lizards
  A gnoll zombie (Ossuary)
  2 goblin zombies (Ossuary)
  A hobgoblin skeleton (Ossuary)
  A kobold skeleton (Ossuary)
  A kobold zombie (Ossuary)
  A leopard gecko skeleton (D:7)
  An orc zombie (Ossuary)
61 creatures vanquished.

Vanquished Creatures (others)
  2 mummies (Ossuary)
  A gnoll zombie (Ossuary)
  2 goblin skeletons (Ossuary)
  A goblin zombie (Ossuary)
  2 hobgoblin skeletons (Ossuary)
  4 hobgoblin zombies (Ossuary)
  A kobold skeleton (Ossuary)
  A kobold zombie (Ossuary)
  5 orc skeletons (Ossuary)
  2 orc zombies (Ossuary)
  A rat skeleton (Ossuary)
  3 rat zombies (Ossuary)
25 creatures vanquished.

Grand Total: 241 creatures vanquished

Notes
Turn   | Place    | Note
-------+----------+-------------------------------------------
     0 | D:1      | Roikka the Gnoll Wizard began the quest for the Orb.
     0 | D:1      | Reached XP level 1. HP: 13/13 MP: 8/8
   181 | D:1      | Reached XP level 2. HP: 19/19 MP: 7/10
   189 | D:1      | Learned a level 2 spell: Call Imp
   192 | D:1      | Learned a level 2 spell: Blink
   618 | D:1      | Reached XP level 3. HP: 25/25 MP: 7/11
  1150 | D:2      | Reached skill level 1 in Invocations
  1372 | D:2      | Learned a level 3 spell: Conjure Flame
  1376 | D:2      | Learned a level 3 spell: Mephitic Cloud
  1481 | D:2      | Reached skill level 1 in Fighting
  1481 | D:2      | Reached skill level 1 in Short Blades
  1481 | D:2      | Reached skill level 1 in Long Blades
  1481 | D:2      | Reached skill level 1 in Axes
  1481 | D:2      | Reached skill level 1 in Maces & Flails
  1481 | D:2      | Reached skill level 1 in Polearms
  1481 | D:2      | Reached skill level 1 in Staves
  1481 | D:2      | Reached skill level 1 in Slings
  1481 | D:2      | Reached skill level 1 in Bows
  1481 | D:2      | Reached skill level 1 in Crossbows
  1481 | D:2      | Reached skill level 1 in Throwing
  1481 | D:2      | Reached skill level 1 in Armour
  1481 | D:2      | Reached skill level 1 in Shields
  1481 | D:2      | Reached skill level 1 in Unarmed Combat
  1481 | D:2      | Reached skill level 1 in Evocations
  1485 | D:2      | Found a deep blue altar of Sif Muna.
  1564 | D:2      | Reached XP level 4. HP: 32/32 MP: 11/13
  1782 | D:2      | Found an iron altar of Okawaru.
  1846 | D:3      | Reached skill level 1 in Hexes
  1846 | D:3      | Reached skill level 1 in Charms
  1846 | D:3      | Reached skill level 1 in Necromancy
  1846 | D:3      | Reached skill level 1 in Transmutations
  1846 | D:3      | Reached skill level 1 in Fire Magic
  1846 | D:3      | Reached skill level 1 in Ice Magic
  1846 | D:3      | Reached skill level 1 in Air Magic
  1846 | D:3      | Reached skill level 1 in Earth Magic
  1846 | D:3      | Reached skill level 1 in Poison Magic
  1885 | D:3      | Found an opulent altar of Gozag.
  1982 | D:3      | Noticed a bullfrog
  1988 | D:3      | Killed a bullfrog
  1988 | D:3      | Reached XP level 5. HP: 37/37 MP: 3/14
  2440 | D:3      | Found a burning altar of Makhleb.
  2952 | D:4      | Found a sacrificial altar of Ru.
  2968 | D:4      | Reached XP level 6. HP: 44/44 MP: 13/16
  3735 | D:4      | Reached skill level 5 in Dodging
  4097 | D:4      | Noticed Sigmund
  4136 | D:4      | Killed Sigmund
  4136 | D:4      | Reached XP level 7. HP: 43/50 MP: 6/18
  4343 | D:4      | Found a runed door.
  4347 | D:4      | Noticed Crazy Yiuf
  4355 | D:4      | Killed Crazy Yiuf
  4525 | D:5      | Entered Level 5 of the Dungeon
  4525 | D:5      | Noticed Blork the orc
  4525 | D:5      | Noticed a yak
  4525 | D:5      | Noticed a yak
  4525 | D:5      | Noticed a yak
  4525 | D:5      | Noticed a yak
  4525 | D:5      | Noticed a yak
  4525 | D:5      | Noticed a yak
  4565 | D:4      | Killed a yak
  4762 | D:5      | Reached skill level 5 in Stealth
  4862 | D:5      | Killed a yak
  4862 | D:5      | Reached XP level 8. HP: 50/57 MP: 5/19
  5303 | D:4      | HP: 2/57 [Blork the orc/flail (4)]
  5305 | D:4      | Killed Blork the orc
  6151 | D:5      | Killed a yak
  6266 | D:5      | Reached skill level 8 in Spellcasting
  6332 | D:5      | Killed a yak
  6335 | D:5      | Killed a yak
  6340 | D:5      | Killed a yak
  6340 | D:5      | Reached XP level 9. HP: 33/65 MP: 12/21
  6573 | D:5      | Found Westryfad's Assorted Antiques.
  6578 | D:5      | Got a smelly ring mail
  6579 | D:5      | Identified the +1 ring mail of Nuni {rF+} (You found it on level 5 of the Dungeon)
  6584 | D:5      | Bought a glowing cloak for 195 gold pieces
  6584 | D:5      | Bought a bubbling cyan potion for 23 gold pieces
  6884 | D:6      | Found a sand-covered staircase.
  6903 | Ossuary  | Entered an ossuary
  7197 | Ossuary  | Noticed Menkaure
  7198 | Ossuary  | Killed Menkaure
  7604 | D:6      | Found a radiant altar of Vehumet.
  8345 | D:7      | Noticed Prince Ribbit
  8348 | D:6      | Upgraded the game from 0.23-a0-79-gaa8cc03057 to 0.23-a0-99-g417c70ba38
  9637 | D:7      | Found a staircase to the Ecumenical Temple.
  9648 | Temple   | Entered the Ecumenical Temple
  9728 | Temple   | Became a worshipper of Ashenzari the Shackled
  9846 | D:7      | Reached skill level 5 in Invocations
  9890 | D:7      | Noticed Joseph
  9930 | D:7      | Killed Joseph
  9930 | D:7      | Reached XP level 10. HP: 16/73 MP: 4/22
  9940 | D:7      | Noticed Harold
  9993 | D:7      | Slain by Harold

Vault maps used:
D:1:      scummos_arrival_star, dk_noncrumbling_3
D:2:      okawaru_metal_pillars_1_2, old_standard_altar, minmay_ruptured
D:3:      makhleb_heckhound_becter, serial_corexii_hall, corexii_hall_statues_l,
          corexii_hall_statues_i, corexii_hall_statues_i,
          corexii_hall_statues_x, nicolae_gozag_cash_rules_everything_around_me
D:4:      minmay_opposing_rooms, nicolae_ru_great_annihilating_truth,
          first_ration, uniq_sigmund, uniq_crazy_yiuf_cottage
D:5:      serial_shops, shop, uniq_blork_the_orc
D:6:      nicolae_overflow_hidden_temple, nicolae_ossuary_entry_false_entrances
D:7:      cheibrodos_fzero, minmay_temple_entry_glassed_door, uniq_joseph,
          uniq_harold, uniq_prince_ribbit1
Temple:   cyrus_circular_temple
Ossuary:  ossuary_due_pyramid

Skill      XL: |  1  2  3  4  5  6  7  8  9 |
---------------+----------------------------+-----
Conjurations   | 2 3 4 |  4.5
Summonings     | 2 3 4 |  4.5
Translocations | 2 3 4 |  4.5
Invocations    | 1 2 3 4 5 |  5.2
Fighting       | 1 2 3 4 |  4.7
Short Blades   | 1 2 3 4 |  4.7
Long Blades    | 1 2 3 4 |  4.7
Axes           | 1 2 3 4 |  4.7
Maces & Flails | 1 2 3 4 |  4.7
Polearms       | 1 2 3 4 |  4.7
Staves         | 1 2 3 4 |  4.7
Slings         | 1 2 3 4 |  4.7
Bows           | 1 2 3 4 |  4.7
Crossbows      | 1 2 3 4 |  4.7
Throwing       | 1 2 3 4 |  4.7
Armour         | 1 2 3 4 |  4.7
Shields        | 1 2 3 4 |  4.7
Unarmed Combat | 1 2 3 4 |  4.7
Evocations     | 1 2 3 4 |  4.7
Hexes          | 1 2 3 |  3.9
Charms         | 1 2 3 |  3.9
Necromancy     | 1 2 3 |  3.9
Transmutations | 1 2 3 |  3.9
Fire Magic     | 1 2 3 |  3.9
Ice Magic      | 1 2 3 |  3.9
Air Magic      | 1 2 3 |  3.9
Earth Magic    | 1 2 3 |  3.9
Poison Magic   | 1 2 3 |  3.9
Dodging        | 5 6 |  6.6
Stealth        | 5 6 |  6.4
Spellcasting   | 8 |  8.7

Action                   |  1- 3 |  4- 6 |  7- 9 | 10-12 || total
-------------------------+-------+-------+-------+-------++-------
Melee: Whip              |    10 |    26 |   160 |       ||   196
       Bite              |     1 |     1 |    18 |       ||    20
       Punch             |       |       |     6 |       ||     6
 Cast: Magic Dart        |    96 |   120 |   197 |    11 ||   424
       Call Imp          |     2 |    34 |    77 |       ||   113
       Mephitic Cloud    |       |       |    11 |       ||    11
       Conjure Flame     |       |       |    11 |     1 ||    12
       Blink             |       |       |    19 |       ||    19
Evoke: Wand              |       |       |     2 |     1 ||     3
  Use: Scroll            |       |     6 |     8 |       ||    14
       Potion            |       |     1 |     2 |       ||     3
 Stab: Sleeping          |       |       |     3 |       ||     3
       Distracted        |       |       |     2 |       ||     2
  Eat: Chunk             |     2 |     7 |    10 |       ||    19
       Ration            |       |       |     3 |       ||     3
Armor: Robe              |     5 |     7 |    33 |     2 ||    47
Dodge: Dodged            |    14 |    65 |   192 |     3 ||   274
Block: Buckler           |       |       |     3 |     3 ||     6

Table legend:
 A = Non-vault XP
 B = Vault XP
 C = Vault XP percentage of total XP
 D = Non-vault monster count
 E = Vault monster count
 F = Vault count percentage of total count
                 A         B        C        D         E       F
            +---------+---------+-------+---------+---------+-------
      Total |    3496 |    1272 |  26.7 |     158 |      48 |  23.3
            +---------+---------+-------+---------+---------+-------
        D:1 |      42 |       0 |   0.0 |      25 |       0 |   0.0
        D:2 |      68 |       4 |   5.6 |      24 |       3 |  11.1
        D:3 |     112 |      29 |  20.6 |      25 |       1 |   3.8
        D:4 |     501 |     318 |  38.8 |      22 |      11 |  33.3
        D:5 |    1413 |       0 |   0.0 |      21 |       0 |   0.0
        D:6 |    1184 |      55 |   4.4 |      33 |       2 |   5.7
        D:7 |     176 |     830 |  82.5 |       8 |      12 |  60.0
    Ossuary |       0 |      36 | 100.0 |       0 |      19 | 100.0
            +---------+---------+-------+---------+---------+-------
